 Dungeon Crawl Stone Soup version 0.28-a0-628-g3c9886e45e (webtiles) character file.

Game seed: 12200537449459294096

2955 lawman0 the Cleaver (level 9, 0/108 HPs)
             Began as a Palentonga Berserker on Oct 8, 2021.
             Was an Elder of Trog.
             Succumbed to a killer bee's poison
             ... on level 8 of the Dungeon.
             The game lasted 00:09:22 (9706 turns).

lawman0 the Cleaver (Palentonga Berserker)          Turns: 9706, Time: 00:09:22

Health: 0/108      AC: 10    Str: 24    XL:     9   Next: 52%
Magic:  0/9        EV:  7    Int:  8    God:    Trog [****..]
Gold:   410        SH:  0    Dex: 15    Spells: 8/8 levels left

rFire   . . .      SeeInvis +   B - +0 battleaxe (protect)
rCold   . . .      Faith    .   (shield currently unavailable)
rNeg    . . .      Spirit   +   e - +0 chain mail
rPois   .          Reflect  .   (no helmet)
rElec   .          Harm     .   v - +0 cloak
rCorr   .          Rampage  .   (no gloves)
Will    .....                   (no barding)
Stlth   ..........              d - amulet of guardian spirit
HPRegen 0.28/turn               i - +6 ring of dexterity
MPRegen 0.11/turn               x - ring of flight

@: berserking (expiring), lethally poisoned (0 -> -10), flying, very quick
A: large, rugged brown scales 3, see invisible, deformed body, roll 1, armoured
tail, reflexive curl
a: Rolling Charge, Renounce Religion, Berserk, Trog's Hand, Brothers in Arms


You were on level 8 of the Dungeon.
You worshipped Trog.
Trog was greatly pleased with you.
You visited 2 branches of the dungeon, and saw 9 of its levels.

You collected 410 gold pieces.

Inventory:

Hand Weapons
 B - a +0 battleaxe of protection (weapon)
Missiles
 a - 6 silver javelins
 j - 6 curare-tipped darts
 l - 2 javelins
 r - 13 poisoned darts (quivered)
 s - 3 boomerangs of dispersal
 u - 3 boomerangs
 F - a throwing net
Armour
 e - a +0 chain mail (worn)
 v - a +0 cloak (worn)
Jewellery
 d - an amulet of guardian spirit (around neck)
 i - a +6 ring of dexterity (left hand)
 x - a ring of flight (right hand)
Wands
 w - a wand of flame (2)
Scrolls
 h - 3 scrolls of teleportation {unknown}
 k - 3 scrolls of vulnerability {unknown}
 m - a scroll of summoning {unknown}
 n - a scroll of fog {unknown}
 p - 2 scrolls of noise {unknown}
 t - 4 scrolls of amnesia {unknown}
 y - 2 scrolls of enchant armour {unknown}
 D - a scroll of blinking {unknown}
Potions
 b - a potion of ambrosia
 c - 4 potions of heal wounds
 f - a potion of attraction
 g - a potion of degeneration
 o - 3 potions of curing
 q - a potion of berserk rage
 z - a potion of flight {unknown}
 A - a potion of mutation {unknown}
 C - a potion of might {unknown}
 E - a potion of cancellation {unknown}


   Skills:
 + Level 5.2 Fighting
 * Level 10.7 Axes
 + Level 1.5 Throwing
 + Level 5.5 Armour
 + Level 2.3 Dodging
 + Level 0.1 Stealth
 + Level 0.1 Evocations


You had 8 spell levels left.
You didn't know any spells.
Your spell library was empty.

Dungeon Overview and Level Annotations

Branches:
Dungeon (8/15)             Temple (1/1) D:5
   Lair: D:8-11

Altars:
Ashenzari
Elyvilon
Fedhas
Hepliaklqana
Qazlal
Sif Muna
Wu Jian
Xom
Yredelemnul
Zin

Annotations:
D:3 1 runed translucent door


Innate Abilities, Weirdness & Mutations

You are completely covered in rugged brown scales. (AC +3, +7% HP)
You have supernaturally acute eyesight. (SInv)
Armour fits poorly on your strangely shaped body.
You can roll at nearby foes to attack.
You have a long armoured tail.
You curl defensively after being hit.


Message History

You feel sick. The killer bee stings you.
* * * LOW HITPOINT WARNING * * *
You are more poisoned.
The killer bee poisons you! The killer bee stings you.
* * * LOW HITPOINT WARNING * * *
You are lethally poisoned!
The killer bee poisons you!
You slash the killer bee!
Your weapon exudes an aura of protection.
Your tail-slap misses the killer bee.
The killer bee is heavily wounded.
* * * LOW HITPOINT WARNING * * *
You feel very sick.
The killer bee stings you but does no damage.
The killer bee barely misses you.
You are too berserk!
You miss the killer bee.
The killer bee is heavily wounded.
* * * LOW HITPOINT WARNING * * *
You feel very sick.
The killer bee stings you but does no damage.
Unknown command.
You are too berserk!
You closely miss the killer bee.
The killer bee is heavily wounded.
* * * LOW HITPOINT WARNING * * *
You feel very sick. The killer bee stings you.
* * * LOW HITPOINT WARNING * * *
The killer bee barely misses you.
Your chain mail prevents you from hitting the killer bee.
Your tail-slap misses the killer bee.
The killer bee is heavily wounded.
* * * LOW HITPOINT WARNING * * *
You feel sick. The killer bee stings you.
* * * LOW HITPOINT WARNING * * *
Unknown command.
Your chain mail prevents you from hitting the killer bee.
The killer bee is heavily wounded.
You die...

.. .. #.
####.##
.##..# ..#(..
#.....##.#..#
.....'..#..
.....#..#y#
#.....#@#
##....#.#
#.....#.#
#....##.#
#.#...[.#
#.#..####
#.#..###
#......##.
#....>....#


You could see a killer bee.

Vanquished Creatures
  Grinder (D:6)
  Edmund (D:5)
  2 water moccasins (D:5)
  An orc warrior (D:7)
  An ice beast (D:7)
  2 black bears (D:5)
  4 ogres
  A kobold brigand (D:3)
  5 scorpions
  A gnoll sergeant (D:8)
  2 wyvern zombies (D:7)
  6 killer bees (D:8)
  3 wights (D:7)
  An electric eel (D:7)
  A howler monkey (D:4)
  Crazy Yiuf (D:5)
  4 orc priests
  A hound (D:6)
  A bullfrog skeleton (D:5)
  A gnoll shaman (D:6)
  3 iguanas
  3 orc wizards
  A killer bee zombie (D:6)
  A hound skeleton (D:4)
  10 gnolls
  7 adders
  2 white imps
  4 ufetubi
  An adder skeleton (D:4)
  2 worms
  3 dart slugs
  22 orcs
  9 endoplasms
  2 giant cockroaches
  7 goblins
  9 hobgoblins
  4 jackals (D:1)
  5 quokkas
  4 ball pythons
  3 bats (D:1)
  A frilled lizard (D:3)
  A jackal skeleton (D:3)
  16 kobolds
  4 rats
164 creatures vanquished.

Notes
Turn   | Place    | Note
-------+----------+-------------------------------------------
     0 | D:1      | lawman0 the Palentonga Berserker began the quest for the
                  | Orb.
     0 | D:1      | Reached XP level 1. HP: 19/19 MP: 1/1
   219 | D:1      | Reached XP level 2. HP: 25/25 MP: 2/2
   749 | D:1      | Reached ** piety under Trog
   750 | D:1      | Reached XP level 3. HP: 24/31 MP: 3/3
  1664 | D:2      | Found a blossoming altar of Fedhas.
  2480 | D:3      | Reached XP level 4. HP: 35/39 MP: 4/4
  2585 | D:3      | Noticed a scorpion
  2592 | D:3      | Killed a scorpion
  2593 | D:3      | Reached skill level 4 in Axes
  2830 | D:3      | Reached XP level 5. HP: 44/44 MP: 5/5
  2863 | D:3      | Reached skill level 5 in Axes
  3323 | D:3      | Found a runed translucent door.
  3323 | D:3      | Noticed a human
  3328 | D:3      | Found a basalt altar of Yredelemnul.
  3588 | D:3      | Reached XP level 6. HP: 38/51 MP: 6/6
  3588 | D:3      | Reached *** piety under Trog
  4258 | D:4      | Reached skill level 6 in Axes
  4677 | D:4      | Gained mutation: You curl defensively after being hit.
                  | [Palentonga growth]
  4677 | D:4      | Reached XP level 7. HP: 6/57 MP: 7/7
  5291 | D:5      | Entered Level 5 of the Dungeon
  5301 | D:5      | Noticed Edmund
  5307 | D:5      | Reached skill level 7 in Axes
  5316 | D:5      | Killed Edmund
  5907 | D:5      | Reached XP level 8. HP: 65/65 MP: 8/8
  5908 | D:5      | Reached **** piety under Trog
  5909 | D:5      | Reached skill level 8 in Axes
  6360 | D:5      | Found a runed translucent door.
  6361 | D:5      | Noticed Crazy Yiuf
  6933 | D:5      | Found a staircase to the Ecumenical Temple.
  6946 | Temple   | Entered the Ecumenical Temple
  7058 | D:5      | Killed Crazy Yiuf
  7121 | D:6      | Reached skill level 9 in Axes
  7194 | D:6      | Found a glowing silver altar of Zin.
  7379 | D:6      | Found a stormy altar of Qazlal.
  7627 | D:6      | Noticed Grinder
  7631 | D:6      | Reached skill level 5 in Armour
  7655 | D:6      | Killed Grinder
  7656 | D:6      | Reached skill level 1 in Throwing
  7656 | D:6      | Reached XP level 9. HP: 66/71 MP: 9/9
  8023 | D:7      | Found an ornate altar of the Wu Jian Council.
  8024 | D:7      | Found a hazy altar of Hepliaklqana.
  8024 | D:7      | Found a broken altar of Ashenzari.
  8025 | D:7      | Found a shimmering altar of Xom.
  8135 | D:7      | Reached skill level 10 in Axes
  8504 | D:7      | Found a shimmering blue altar of Sif Muna.
  8745 | D:7      | Found a white marble altar of Elyvilon.
  8758 | D:7      | Reached skill level 5 in Fighting
  9705 | D:8      | HP: 2/108 [killer bee (4)]
  9706 | D:8      | Succumbed to a killer bee's poison

Illustrated notes

Levels and vault maps discovered:
D:1:      nicolae_arrival_somewhat_less_tricky_arrival, layout_basic
D:2:      layout_basic, basic_altar
D:3:      cheibrodos_thug_alley, layout_basic, dk_yredelemnul_ordeal, hex_tiny,
          grunt_ministairs_10
D:4:      layout_gridville
D:5:      layout_basic, minmay_temple_entry_proselytizer,
          minmay_tree_intersection, minmay_strange_pillars, minivault_5,
          uniq_edmund, uniq_crazy_yiuf_cottage
D:6:      layout_cave_pools, lemuel_round_altar, mainiacjoe_overflow_boulevard,
          uniq_grinder
D:7:      layout_layer_cave, chequers_temple_overflow_statue_of_worship,
          nicolae_sif_muna_condensation, nicolae_elyvilon_peaceful_grove
D:8:      layout_basic, lair_entry_dummy
Temple:   jpeg_temple_alley_garden

Skill      XL: |  1  2  3  4  5  6  7  8  9 |
---------------+----------------------------+-----
Fighting       | 4 5 |  5.2
Axes           | 4 5 6 7 9 10 | 10.7
Dodging        | 2 |  2.3
Armour         | 2 3 5 |  5.5
Throwing       | 1 |  1.5
Stealth        | |  0.1
Evocations     | |  0.1

Action                   |  1- 3 |  4- 6 |  7- 9 || total
-------------------------+-------+-------+-------++-------
Melee: Hand axe          |    31 |       |       ||    31
       War axe           |    55 |    99 |   130 ||   284
       Tailslap          |    12 |    16 |    35 ||    63
       Battleaxe         |       |       |   111 ||   111
Throw: Javelin           |     3 |     2 |     2 ||     7
       Dart              |       |       |    55 ||    55
Invok: Berserk           |     7 |    10 |    14 ||    31
       Trog's Hand       |       |       |     1 ||     1
 Abil: Rolling Charge    |       |       |     1 ||     1
Evoke: Wand              |       |       |     2 ||     2
  Use: Scroll            |       |     2 |     3 ||     5
       Potion            |       |       |     2 ||     2
Armor: Leather armour    |     7 |       |       ||     7
       Animal skin       |     4 |       |       ||     4
       Chain mail        |    39 |    41 |   104 ||   184
Dodge: Dodged            |    26 |    26 |    95 ||   147

Table legend: (Time is in decaauts)
 A = Elapsed time spent in this place.
 B = Non-inter-level travel time spent in this place.
 C = Inter-level travel time spent in this place.
 D = Time resting spent in this place.
 E = Time spent auto-exploring this place.
 F = Levels seen in this place.
 G = Mean time per level.
                   A        B        C        D        E       F      G
               +--------+--------+--------+--------+--------+-----+--------+
         Total |  10025 |   9848 |    177 |   2383 |   6008 |   9 | 1113.9 |
       Dungeon |   9988 |   9811 |    177 |   2349 |   6008 |   8 | 1248.5 |
        Temple |     37 |     37 |      0 |     34 |      0 |   1 |   37.0 |
               +--------+--------+--------+--------+--------+-----+--------+

Top non-repeatable levels by time:
     D:3: 1912 daAuts
     D:5: 1843 daAuts
     D:7: 1557 daAuts
     D:1: 1378 daAuts
     D:4: 1169 daAuts
     D:2: 1034 daAuts
     D:6: 644 daAuts
     D:8: 449 daAuts
  Temple: 37 daAuts
